[ AOE2 MATCH · #467940934 ]
Team RMMongols vs Mapuche
[ REPLAY ANALYSIS · EXTRACTED FROM THE RECORDED GAME ]
Feudal
9:22
Castle
13:22
Imperial
32:37
| APM avg | 32.2 |
| APM peak | 118 |
| eAPM avg | 18.4 |
| Villagers / military | 144 / 360 |
Focus
⚔️ 20.1% · 🌾 79.9%
Skirmisher ×245 · Mangudai ×91 · Battering Ram ×19 · Trebuchet (Packed) ×5
Feudal
—
Castle
—
Imperial
—
| APM avg | 17.2 |
| APM peak | 75 |
| eAPM avg | 12.8 |
| Villagers / military | 97 / 217 |
Focus
⚔️ 49.7% · 🌾 50.3%
Spearman ×115 · Kona ×33 · Archer ×23 · Skirmisher ×13 · Mangonel ×12 · Petard ×10
Feudal
11:48
Castle
15:23
Imperial
38:05
| APM avg | 33.0 |
| APM peak | 69 |
| eAPM avg | 17.6 |
| Villagers / military | 123 / 200 |
Focus
⚔️ 39.2% · 🌾 60.8%
Knight ×72 · Cavalry Archer ×51 · Skirmisher ×44 · Scout Cavalry ×31 · Trebuchet (Packed) ×2
Feudal
—
Castle
—
Imperial
—
| APM avg | 12.6 |
| APM peak | 43 |
| eAPM avg | 10.7 |
| Villagers / military | 106 / 299 |
Focus
⚔️ 49.4% · 🌾 50.6%
Camel Scout ×97 · Scout Cavalry ×86 · Fire Lancer ×68 · Militia ×32 · Archer ×16
Feudal
13:30
Castle
17:38
Imperial
31:43
| APM avg | 41.2 |
| APM peak | 131 |
| eAPM avg | 22.8 |
| Villagers / military | 160 / 322 |
Focus
⚔️ 41.3% · 🌾 58.7%
Spearman ×192 · Woad Raider ×71 · Scorpion ×50 · Trebuchet (Packed) ×9
Feudal
—
Castle
—
Imperial
—
| APM avg | 9.4 |
| APM peak | 35 |
| eAPM avg | 7.7 |
| Villagers / military | 93 / 243 |
Focus
⚔️ 37.6% · 🌾 62.4%
Skirmisher ×169 · Steppe Lancer ×50 · Spearman ×13 · Unknown (1911) ×8 · Unknown (1908) ×5 · Bombard Cannon ×4
Feudal
14:47
Castle
19:26
Imperial
32:46
| APM avg | 22.5 |
| APM peak | 73 |
| eAPM avg | 14.9 |
| Villagers / military | 147 / 592 |
Focus
⚔️ 36.2% · 🌾 63.8%
Spearman ×404 · Skirmisher ×131 · Unknown (1920) ×48 · Fire Lancer ×38 · Trade Cart ×15 · Unknown (1923) ×13
Feudal
—
Castle
—
Imperial
—
| APM avg | 22.9 |
| APM peak | 85 |
| eAPM avg | 18.4 |
| Villagers / military | 132 / 480 |
Focus
⚔️ 57.4% · 🌾 42.6%
Skirmisher ×199 · Archer ×136 · Camel Scout ×106 · War Elephant ×22 · Trebuchet (Packed) ×16 · Monk ×1
Match map
Initial resources + every placement click. Lines = walls · curves = elevation contours. ◆ gold · ⬟ stone · ● berries · ✦ relic · ◌ wall gap
Your base· ✓ Closed at 13:22 · 0t walls · 2 gate(s)
andy-maCR's base· ✓ Closed at 13:54 · 0t walls · 2 gate(s)
Dolar Solidario [33]'s base· ✓ Closed at 15:23 · 0t walls · 3 gate(s)
Poncho-CR's base· ✓ Closed at 16:30 · 1t walls · 4 gate(s)
Minos's base· ✓ Closed at 17:38 · 0t walls · 2 gate(s)
lxatruch's base· ✓ Closed at 14:21 · 0t walls · 2 gate(s)
Catastrophyx's base· ✓ Closed at 19:26 · 0t walls · 3 gate(s)
xl-MarcosCR-lx's base· ✓ Closed at 13:55 · 0t walls · 2 gate(s)
Smoothed initial terrain · ◌ = detected wall gap · hover for details
Inputs per minute
— yougetcs - - andy-maCR
Build order — yougetcs
First 150 of 490 actions detected
| 0:02 | Create | Villager (Male) |
| 0:02 | Create | Villager (Male) |
| 0:02 | Create | Villager (Male) |
| 0:02 | Create | Villager (Male) |
| 0:03 | Build | House |
| 0:05 | Build | House |
| 1:46 | Create | Villager (Male) |
| 1:46 | Create | Villager (Male) |
| 2:18 | Build | Lumber Camp |
| 2:37 | Create | Villager (Male) |
| 2:37 | Create | Villager (Male) |
| 2:37 | Create | Villager (Male) |
| 3:15 | Create | Villager (Male) |
| 3:15 | Create | Villager (Male) |
| 3:16 | Create | Villager (Male) |
| 3:16 | Create | Villager (Male) |
| 3:28 | Create | Villager (Male) |
| 3:28 | Create | Villager (Male) |
| 3:31 | Build | House |
| 4:12 | Create | Villager (Male) |
| 4:12 | Create | Villager (Male) |
| 4:12 | Create | Villager (Male) |
| 4:50 | Build | Mill |
| 5:03 | Create | Villager (Male) |
| 5:04 | Create | Villager (Male) |
| 5:04 | Create | Villager (Male) |
| 5:04 | Create | Villager (Male) |
| 6:21 | Build | Mining Camp |
| 6:34 | Build | House |
| 7:04 | Research | Feudal Age |
| 7:05 | Research | Feudal Age |
| 9:22 | Age | Feudal Age |
| 9:25 | Build | Market |
| 9:28 | Build | Blacksmith |
| 10:42 | Research | Castle Age |
| 10:42 | Research | Castle Age |
| 10:49 | Build | Mining Camp |
| 11:02 | Research | Double-Bit Axe |
| 11:14 | Research | Horse Collar |
| 11:14 | Research | Horse Collar |
| 13:08 | Build | House |
| 13:09 | Build | House |
| 13:22 | Age | Castle Age |
| 13:25 | Build | Town Center |
| 13:35 | Create | Villager (Male) |
| 13:35 | Create | Villager (Male) |
| 13:45 | Build | Town Center |
| 14:30 | Build | Farm |
| 14:48 | Build | Farm |
| 15:07 | Build | House |
| 15:24 | Build | Farm |
| 15:29 | Build | Farm |
| 15:36 | Build | Farm |
| 15:42 | Create | Villager (Male) |
| 16:00 | Build | Farm |
| 16:01 | Build | Farm |
| 16:21 | Create | Villager (Male) |
| 16:52 | Build | Farm |
| 17:00 | Build | Farm |
| 17:01 | Create | Villager (Male) |
| 17:15 | Build | Farm |
| 17:21 | Build | Farm |
| 17:29 | Build | Farm |
| 17:30 | Create | Villager (Male) |
| 17:36 | Create | Villager (Male) |
| 17:45 | Create | Villager (Male) |
| 17:46 | Create | Villager (Male) |
| 17:58 | Build | Castle |
| 18:05 | Create | Villager (Male) |
| 18:12 | Build | Farm |
| 18:24 | Build | Farm |
| 18:32 | Create | Villager (Male) |
| 18:34 | Create | Villager (Male) |
| 18:34 | Create | Villager (Male) |
| 18:47 | Create | Villager (Male) |
| 18:56 | Create | Villager (Male) |
| 18:56 | Create | Villager (Male) |
| 19:02 | Create | Villager (Male) |
| 19:02 | Create | Villager (Male) |
| 19:11 | Build | Farm |
| 19:16 | Build | Farm |
| 19:23 | Build | Farm |
| 19:26 | Create | Villager (Male) |
| 19:27 | Create | Villager (Male) |
| 19:33 | Create | Villager (Male) |
| 19:33 | Create | Villager (Male) |
| 19:46 | Create | Villager (Male) |
| 19:47 | Create | Villager (Male) |
| 20:00 | Build | House |
| 20:01 | Build | House |
| 20:12 | Build | Farm |
| 20:14 | Build | Farm |
| 20:21 | Build | Farm |
| 20:30 | Create | Villager (Male) |
| 20:32 | Create | Villager (Male) |
| 20:33 | Create | Villager (Male) |
| 20:40 | Build | Farm |
| 20:46 | Build | Farm |
| 20:53 | Create | Villager (Male) |
| 20:54 | Create | Villager (Male) |
| 20:54 | Create | Villager (Male) |
| 20:54 | Create | Villager (Male) |
| 20:56 | Create | Villager (Male) |
| 20:57 | Create | Villager (Male) |
| 21:07 | Create | Villager (Male) |
| 21:08 | Create | Villager (Male) |
| 21:15 | Build | Mill |
| 21:24 | Build | Farm |
| 21:32 | Build | Farm |
| 21:37 | Build | House |
| 21:39 | Create | Villager (Male) |
| 21:39 | Create | Villager (Male) |
| 21:39 | Create | Villager (Male) |
| 21:40 | Create | Villager (Male) |
| 21:41 | Create | Villager (Male) |
| 21:41 | Create | Villager (Male) |
| 21:48 | Create | Villager (Male) |
| 21:48 | Create | Villager (Male) |
| 21:55 | Create | Villager (Male) |
| 21:55 | Create | Villager (Male) |
| 22:00 | Create | Villager (Male) |
| 22:00 | Create | Villager (Male) |
| 22:03 | Build | Farm |
| 22:04 | Build | Farm |
| 22:05 | Build | Farm |
| 22:12 | Build | Farm |
| 22:13 | Create | Villager (Male) |
| 22:13 | Create | Villager (Male) |
| 22:17 | Create | Villager (Male) |
| 22:18 | Create | Villager (Male) |
| 22:20 | Create | Villager (Male) |
| 22:20 | Create | Villager (Male) |
| 22:44 | Research | Bow Saw |
| 22:52 | Build | Farm |
| 22:54 | Build | Farm |
| 22:55 | Build | Farm |
| 22:56 | Build | Farm |
| 23:01 | Build | Farm |
| 23:01 | Create | Villager (Male) |
| 23:02 | Create | Villager (Male) |
| 23:02 | Create | Villager (Male) |
| 23:02 | Create | Villager (Male) |
| 23:11 | Create | Villager (Male) |
| 23:11 | Create | Villager (Male) |
| 23:24 | Research | Heavy Plow |
| 23:24 | Research | Heavy Plow |
| 23:27 | Create | Villager (Male) |
| 23:27 | Create | Villager (Male) |
| 23:34 | Create | Villager (Male) |
| 23:34 | Create | Villager (Male) |
Build order — andy-maCR
First 150 of 422 actions detected
| 0:01 | Create | Villager (Male) |
| 0:02 | Create | Villager (Male) |
| 0:02 | Create | Villager (Male) |
| 0:02 | Create | Villager (Male) |
| 0:02 | Create | Villager (Male) |
| 0:05 | Build | House |
| 0:07 | Build | House |
| 1:50 | Create | Villager (Male) |
| 1:50 | Create | Villager (Male) |
| 2:01 | Create | Villager (Male) |
| 2:01 | Create | Villager (Male) |
| 2:17 | Create | Villager (Male) |
| 2:51 | Create | Villager (Male) |
| 2:51 | Create | Villager (Male) |
| 3:14 | Build | Settlement |
| 3:21 | Create | Villager (Male) |
| 3:40 | Create | Villager (Male) |
| 3:58 | Create | Villager (Male) |
| 4:38 | Create | Villager (Male) |
| 4:38 | Create | Villager (Male) |
| 5:03 | Build | Settlement |
| 5:07 | Create | Villager (Male) |
| 5:08 | Create | Villager (Male) |
| 5:08 | Create | Villager (Male) |
| 5:38 | Create | Villager (Male) |
| 5:38 | Create | Villager (Male) |
| 5:39 | Create | Villager (Male) |
| 6:37 | Create | Villager (Male) |
| 6:37 | Create | Villager (Male) |
| 6:37 | Create | Villager (Male) |
| 6:38 | Create | Villager (Male) |
| 6:59 | Create | Villager (Male) |
| 6:59 | Create | Villager (Male) |
| 7:33 | Build | Settlement |
| 8:45 | Research | Feudal Age |
| 9:50 | Build | Settlement |
| 10:01 | Build | Settlement |
| 11:31 | Create | Villager (Male) |
| 11:31 | Create | Villager (Male) |
| 11:31 | Create | Villager (Male) |
| 11:31 | Create | Villager (Male) |
| 11:31 | Create | Villager (Male) |
| 11:46 | Build | Market |
| 12:21 | Build | Settlement |
| 12:58 | Build | Blacksmith |
| 13:19 | Create | Skirmisher |
| 13:19 | Create | Skirmisher |
| 13:23 | Create | Spearman |
| 13:24 | Create | Spearman |
| 13:54 | Research | Castle Age |
| 15:39 | Build | Farm |
| 15:40 | Build | Farm |
| 15:41 | Build | Farm |
| 15:42 | Build | Farm |
| 15:43 | Build | Farm |
| 15:44 | Build | Farm |
| 15:56 | Build | Farm |
| 16:45 | Research | Wheelbarrow |
| 16:55 | Build | Town Center |
| 17:15 | Build | Castle |
| 18:00 | Build | Town Center |
| 18:13 | Create | Villager (Male) |
| 18:13 | Create | Villager (Male) |
| 18:14 | Create | Villager (Male) |
| 18:18 | Create | Villager (Male) |
| 18:18 | Create | Villager (Male) |
| 18:18 | Create | Villager (Male) |
| 19:10 | Create | Villager (Male) |
| 19:11 | Create | Villager (Male) |
| 19:11 | Create | Villager (Male) |
| 19:11 | Create | Villager (Male) |
| 19:11 | Create | Villager (Male) |
| 19:12 | Create | Villager (Male) |
| 19:12 | Create | Villager (Male) |
| 19:12 | Create | Villager (Male) |
| 19:33 | Build | Farm |
| 19:36 | Build | Farm |
| 20:06 | Build | Monastery |
| 20:20 | Build | Farm |
| 20:32 | Build | Farm |
| 20:38 | Research | Horse Collar |
| 20:45 | Create | Villager (Male) |
| 20:45 | Create | Villager (Male) |
| 20:45 | Create | Villager (Male) |
| 20:46 | Create | Villager (Male) |
| 20:46 | Create | Villager (Male) |
| 20:46 | Create | Villager (Male) |
| 20:46 | Create | Villager (Male) |
| 20:46 | Create | Villager (Male) |
| 20:46 | Create | Villager (Male) |
| 20:46 | Create | Villager (Male) |
| 21:25 | Build | Farm |
| 21:43 | Build | Farm |
| 21:44 | Build | Farm |
| 21:44 | Build | Farm |
| 22:26 | Build | Settlement |
| 22:32 | Build | Farm |
| 22:34 | Create | Villager (Male) |
| 22:35 | Create | Villager (Male) |
| 22:35 | Create | Villager (Male) |
| 22:35 | Create | Villager (Male) |
| 22:35 | Create | Villager (Male) |
| 22:35 | Create | Villager (Male) |
| 22:36 | Create | Villager (Male) |
| 22:36 | Create | Villager (Male) |
| 22:36 | Create | Villager (Male) |
| 22:36 | Create | Villager (Male) |
| 22:36 | Create | Villager (Male) |
| 22:36 | Create | Villager (Male) |
| 22:36 | Create | Villager (Male) |
| 22:46 | Build | Farm |
| 23:03 | Create | Petard |
| 23:03 | Create | Petard |
| 23:11 | Build | Farm |
| 23:15 | Build | Farm |
| 23:29 | Build | Farm |
| 23:32 | Build | Farm |
| 23:56 | Build | Barracks |
| 24:03 | Build | Siege Workshop |
| 24:11 | Build | Farm |
| 24:14 | Create | Monk |
| 24:38 | Build | Farm |
| 24:39 | Build | Farm |
| 24:39 | Build | Farm |
| 25:45 | Create | Kona |
| 25:45 | Create | Kona |
| 25:46 | Create | Kona |
| 25:46 | Create | Kona |
| 25:47 | Create | Kona |
| 26:01 | Build | Archery Range |
| 26:02 | Build | Archery Range |
| 26:04 | Build | Archery Range |
| 26:21 | Create | Villager (Male) |
| 26:22 | Create | Villager (Male) |
| 26:22 | Create | Villager (Male) |
| 26:22 | Create | Villager (Male) |
| 26:22 | Create | Villager (Male) |
| 26:22 | Create | Villager (Male) |
| 26:23 | Create | Villager (Male) |
| 26:23 | Create | Villager (Male) |
| 26:23 | Create | Villager (Male) |
| 26:23 | Create | Villager (Male) |
| 26:23 | Create | Villager (Male) |
| 26:23 | Create | Villager (Male) |
| 26:24 | Create | Villager (Male) |
| 26:24 | Create | Villager (Male) |
| 26:24 | Create | Villager (Male) |
| 26:24 | Create | Villager (Male) |
| 26:24 | Create | Villager (Male) |
| 26:24 | Create | Villager (Male) |
Build order — Dolar Solidario [33]
First 150 of 530 actions detected
| 0:07 | Create | Villager (Male) |
| 0:07 | Create | Villager (Male) |
| 0:11 | Build | House |
| 0:12 | Build | House |
| 0:23 | Create | Villager (Male) |
| 0:23 | Create | Villager (Male) |
| 1:43 | Create | Villager (Male) |
| 1:43 | Create | Villager (Male) |
| 2:08 | Create | Villager (Male) |
| 2:08 | Create | Villager (Male) |
| 2:17 | Build | Lumber Camp |
| 2:45 | Create | Villager (Male) |
| 2:45 | Create | Villager (Male) |
| 2:45 | Create | Villager (Male) |
| 2:46 | Create | Villager (Male) |
| 2:46 | Create | Villager (Male) |
| 2:46 | Create | Villager (Male) |
| 3:13 | Create | Villager (Male) |
| 3:13 | Create | Villager (Male) |
| 3:35 | Create | Villager (Male) |
| 3:35 | Create | Villager (Male) |
| 3:51 | Create | Villager (Male) |
| 3:51 | Create | Villager (Male) |
| 4:18 | Build | House |
| 4:19 | Build | House |
| 4:28 | Create | Villager (Male) |
| 4:29 | Create | Villager (Male) |
| 4:49 | Create | Villager (Male) |
| 4:49 | Create | Villager (Male) |
| 5:01 | Build | House |
| 5:24 | Build | Mill |
| 5:40 | Create | Villager (Male) |
| 5:40 | Create | Villager (Male) |
| 5:40 | Create | Villager (Male) |
| 6:48 | Create | Villager (Male) |
| 7:11 | Create | Villager (Male) |
| 7:58 | Create | Villager (Male) |
| 7:59 | Create | Villager (Male) |
| 8:07 | Create | Villager (Male) |
| 8:19 | Research | Loom |
| 9:09 | Research | Feudal Age |
| 9:17 | Build | Mining Camp |
| 9:40 | Build | Farm |
| 9:45 | Build | Farm |
| 10:03 | Create | Villager (Male) |
| 10:04 | Create | Villager (Male) |
| 11:48 | Age | Feudal Age |
| 11:52 | Build | Market |
| 11:54 | Build | Blacksmith |
| 12:41 | Build | Farm |
| 12:43 | Research | Castle Age |
| 12:43 | Research | Castle Age |
| 12:46 | Build | Farm |
| 13:04 | Build | House |
| 13:09 | Build | House |
| 13:14 | Create | Villager (Male) |
| 13:54 | Build | Farm |
| 14:42 | Create | Villager (Male) |
| 15:23 | Age | Castle Age |
| 15:27 | Build | Town Center |
| 15:52 | Build | Town Center |
| 15:56 | Create | Villager (Male) |
| 16:15 | Research | Double-Bit Axe |
| 16:35 | Create | Villager (Male) |
| 16:50 | Research | Bow Saw |
| 16:50 | Research | Bow Saw |
| 16:52 | Create | Villager (Male) |
| 16:53 | Create | Villager (Male) |
| 17:09 | Create | Villager (Male) |
| 17:09 | Create | Villager (Male) |
| 17:18 | Create | Villager (Male) |
| 17:24 | Research | Horse Collar |
| 17:24 | Research | Horse Collar |
| 17:28 | Build | Farm |
| 17:35 | Build | Farm |
| 17:38 | Create | Villager (Male) |
| 17:38 | Create | Villager (Male) |
| 17:46 | Create | Villager (Male) |
| 18:02 | Create | Villager (Male) |
| 18:02 | Create | Villager (Male) |
| 18:09 | Create | Villager (Male) |
| 18:19 | Build | Barracks |
| 18:27 | Create | Villager (Male) |
| 18:27 | Create | Villager (Male) |
| 18:31 | Build | Farm |
| 18:36 | Research | Heavy Plow |
| 18:37 | Research | Heavy Plow |
| 18:40 | Build | Farm |
| 18:47 | Create | Villager (Male) |
| 18:47 | Create | Villager (Male) |
| 18:51 | Build | Farm |
| 18:54 | Build | Farm |
| 18:55 | Create | Villager (Male) |
| 19:06 | Create | Villager (Male) |
| 19:10 | Build | Farm |
| 19:12 | Create | Villager (Male) |
| 19:21 | Create | Villager (Male) |
| 19:21 | Create | Villager (Male) |
| 19:23 | Build | House |
| 19:24 | Build | House |
| 19:33 | Build | Stable |
| 19:41 | Research | Town Watch |
| 19:43 | Create | Villager (Male) |
| 19:48 | Build | Farm |
| 19:51 | Build | Farm |
| 20:00 | Create | Villager (Male) |
| 20:00 | Create | Villager (Male) |
| 20:04 | Build | Farm |
| 20:10 | Create | Villager (Male) |
| 20:10 | Create | Villager (Male) |
| 20:14 | Build | Farm |
| 20:18 | Create | Villager (Male) |
| 20:30 | Create | Villager (Male) |
| 20:30 | Create | Villager (Male) |
| 20:43 | Build | Stable |
| 20:44 | Create | Villager (Male) |
| 20:48 | Build | House |
| 20:49 | Build | House |
| 20:51 | Create | Villager (Male) |
| 20:54 | Build | Farm |
| 21:00 | Build | Farm |
| 21:03 | Create | Villager (Male) |
| 21:07 | Build | Farm |
| 21:09 | Create | Villager (Male) |
| 21:22 | Create | Villager (Male) |
| 21:32 | Build | Farm |
| 21:33 | Build | Farm |
| 21:35 | Create | Villager (Male) |
| 21:38 | Build | House |
| 21:40 | Create | Villager (Male) |
| 21:44 | Build | House |
| 21:45 | Build | House |
| 21:49 | Research | Bloodlines |
| 22:00 | Build | Farm |
| 22:01 | Build | Farm |
| 22:05 | Build | Mill |
| 22:06 | Build | Farm |
| 22:07 | Build | Farm |
| 22:08 | Build | Farm |
| 22:10 | Build | Farm |
| 22:15 | Build | Farm |
| 22:15 | Build | Farm |
| 22:20 | Research | Wheelbarrow |
| 22:23 | Create | Villager (Male) |
| 22:23 | Create | Villager (Male) |
| 22:36 | Build | Farm |
| 22:37 | Create | Villager (Male) |
| 22:38 | Create | Villager (Male) |
| 22:44 | Create | Knight |
| 22:44 | Create | Knight |
Build order — Poncho-CR
First 150 of 305 actions detected
| 0:03 | Build | House |
| 0:06 | Build | House |
| 0:18 | Create | Villager (Male) |
| 0:18 | Create | Villager (Male) |
| 0:19 | Create | Villager (Male) |
| 0:19 | Create | Villager (Male) |
| 1:49 | Create | Villager (Male) |
| 2:22 | Build | Lumber Camp |
| 2:45 | Create | Villager (Male) |
| 2:45 | Create | Villager (Male) |
| 2:45 | Create | Villager (Male) |
| 3:07 | Create | Villager (Male) |
| 3:08 | Create | Villager (Male) |
| 3:27 | Create | Villager (Male) |
| 3:27 | Create | Villager (Male) |
| 3:56 | Create | Villager (Male) |
| 3:56 | Create | Villager (Male) |
| 4:55 | Build | House |
| 5:20 | Create | Villager (Male) |
| 5:20 | Create | Villager (Male) |
| 5:21 | Create | Villager (Male) |
| 5:21 | Create | Villager (Male) |
| 5:53 | Build | Mill |
| 6:03 | Create | Villager (Male) |
| 6:06 | Create | Villager (Male) |
| 6:06 | Create | Villager (Male) |
| 6:06 | Create | Villager (Male) |
| 6:06 | Create | Villager (Male) |
| 6:34 | Build | House |
| 8:07 | Create | Villager (Male) |
| 8:08 | Create | Villager (Male) |
| 8:08 | Create | Villager (Male) |
| 8:37 | Create | Villager (Male) |
| 8:37 | Create | Villager (Male) |
| 8:37 | Create | Villager (Male) |
| 9:45 | Research | Feudal Age |
| 10:59 | Build | Mill |
| 11:30 | Build | Mill |
| 11:49 | Build | Mining Camp |
| 11:58 | Build | Mining Camp |
| 12:16 | Create | Villager (Male) |
| 12:16 | Create | Villager (Male) |
| 12:16 | Create | Villager (Male) |
| 12:16 | Create | Villager (Male) |
| 12:17 | Create | Villager (Male) |
| 12:22 | Build | House |
| 12:44 | Build | Pasture |
| 12:45 | Build | Pasture |
| 12:46 | Build | Pasture |
| 12:46 | Build | Pasture |
| 14:38 | Build | Stone Wall |
| 15:04 | Build | Blacksmith |
| 15:08 | Build | Market |
| 16:11 | Create | Villager (Male) |
| 16:30 | Research | Castle Age |
| 16:49 | Build | House |
| 16:55 | Build | House |
| 16:56 | Build | House |
| 16:57 | Build | House |
| 16:59 | Build | House |
| 17:01 | Build | House |
| 17:02 | Build | House |
| 17:03 | Build | House |
| 17:06 | Build | House |
| 17:17 | Research | Double-Bit Axe |
| 17:38 | Research | Gold Mining |
| 17:40 | Research | Stone Mining |
| 18:01 | Build | Pasture |
| 18:01 | Build | Pasture |
| 18:19 | Research | Loom |
| 19:33 | Build | Town Center |
| 19:42 | Create | Villager (Male) |
| 19:42 | Create | Villager (Male) |
| 19:43 | Create | Villager (Male) |
| 19:43 | Create | Villager (Male) |
| 19:43 | Create | Villager (Male) |
| 19:44 | Create | Villager (Male) |
| 19:44 | Create | Villager (Male) |
| 19:44 | Create | Villager (Male) |
| 19:48 | Create | Villager (Male) |
| 21:23 | Build | Barracks |
| 22:17 | Build | Castle |
| 22:54 | Build | Siege Workshop |
| 23:03 | Create | Villager (Male) |
| 23:03 | Create | Villager (Male) |
| 23:03 | Create | Villager (Male) |
| 23:03 | Create | Villager (Male) |
| 23:03 | Create | Villager (Male) |
| 23:03 | Create | Villager (Male) |
| 23:04 | Create | Villager (Male) |
| 23:04 | Create | Villager (Male) |
| 23:04 | Create | Villager (Male) |
| 23:04 | Create | Villager (Male) |
| 23:04 | Create | Villager (Male) |
| 23:04 | Create | Villager (Male) |
| 23:05 | Create | Villager (Male) |
| 23:05 | Create | Villager (Male) |
| 23:33 | Build | Pasture |
| 23:42 | Research | Wheelbarrow |
| 24:07 | Build | Mining Camp |
| 25:01 | Build | Stable |
| 25:05 | Build | Stable |
| 25:07 | Build | Stable |
| 25:24 | Build | Archery Range |
| 26:10 | Build | Archery Range |
| 26:17 | Create | Villager (Male) |
| 26:17 | Create | Villager (Male) |
| 26:17 | Create | Villager (Male) |
| 26:17 | Create | Villager (Male) |
| 26:17 | Create | Villager (Male) |
| 26:17 | Create | Villager (Male) |
| 26:18 | Create | Villager (Male) |
| 26:18 | Create | Villager (Male) |
| 26:18 | Create | Villager (Male) |
| 26:18 | Create | Villager (Male) |
| 26:18 | Create | Villager (Male) |
| 26:18 | Create | Villager (Male) |
| 26:57 | Research | Gold Mining |
| 27:09 | Build | Town Center |
| 27:22 | Research | Tech 1014 |
| 28:14 | Create | Camel Scout ×15 |
| 28:15 | Create | Camel Scout |
| 28:19 | Create | Camel Scout |
| 28:23 | Create | Camel Scout |
| 28:24 | Create | Camel Scout |
| 28:24 | Create | Camel Scout |
| 28:26 | Create | Camel Scout |
| 28:30 | Create | Camel Scout ×15 |
| 28:30 | Create | Camel Scout |
| 30:08 | Build | Archery Range |
| 30:19 | Research | Imperial Age |
| 30:58 | Create | Fire Lancer ×15 |
| 31:19 | Create | Villager (Male) |
| 31:19 | Create | Villager (Male) |
| 31:19 | Create | Villager (Male) |
| 31:19 | Create | Villager (Male) |
| 31:19 | Create | Villager (Male) |
| 31:19 | Create | Villager (Male) |
| 31:19 | Create | Villager (Male) |
| 31:19 | Create | Villager (Male) |
| 31:19 | Create | Villager (Male) |
| 31:55 | Build | Pasture |
| 31:56 | Build | Pasture |
| 32:21 | Build | Barracks |
| 32:37 | Research | Husbandry |
| 32:38 | Research | Light Cavalry (upgrade) |
| 32:43 | Create | Scout Cavalry ×3 |
| 34:15 | Build | Barracks |
| 34:21 | Research | Tech 982 |
| 34:24 | Create | Fire Lancer ×15 |
Build order — Minos
First 150 of 682 actions detected
| 0:02 | Create | Villager (Male) |
| 0:02 | Create | Villager (Male) |
| 0:02 | Create | Villager (Male) |
| 0:02 | Create | Villager (Male) |
| 0:03 | Build | House |
| 0:08 | Build | House |
| 1:32 | Create | Villager (Male) |
| 1:33 | Create | Villager (Male) |
| 1:33 | Create | Villager (Male) |
| 1:55 | Build | Lumber Camp |
| 2:02 | Create | Villager (Male) |
| 2:03 | Create | Villager (Male) |
| 2:25 | Create | Villager (Male) |
| 2:25 | Create | Villager (Male) |
| 2:25 | Create | Villager (Male) |
| 2:41 | Create | Villager (Male) |
| 2:41 | Create | Villager (Male) |
| 3:04 | Create | Villager (Male) |
| 3:04 | Create | Villager (Male) |
| 3:36 | Create | Villager (Male) |
| 3:36 | Create | Villager (Male) |
| 4:01 | Build | House |
| 4:02 | Build | House |
| 4:10 | Create | Villager (Male) |
| 4:10 | Create | Villager (Male) |
| 4:21 | Build | House |
| 4:22 | Build | House |
| 4:39 | Create | Villager (Male) |
| 4:40 | Create | Villager (Male) |
| 4:40 | Create | Villager (Male) |
| 4:40 | Create | Villager (Male) |
| 5:12 | Build | Mill |
| 5:16 | Create | Villager (Male) |
| 5:17 | Create | Villager (Male) |
| 5:17 | Create | Villager (Male) |
| 5:17 | Create | Villager (Male) |
| 5:17 | Create | Villager (Male) |
| 5:44 | Build | Mill |
| 6:16 | Create | Villager (Male) |
| 6:16 | Create | Villager (Male) |
| 6:17 | Create | Villager (Male) |
| 6:30 | Create | Villager (Male) |
| 6:30 | Create | Villager (Male) |
| 6:31 | Create | Villager (Male) |
| 7:15 | Create | Villager (Male) |
| 7:15 | Create | Villager (Male) |
| 7:15 | Create | Villager (Male) |
| 7:15 | Create | Villager (Male) |
| 7:26 | Build | Mining Camp |
| 7:52 | Create | Villager (Male) |
| 7:52 | Create | Villager (Male) |
| 7:52 | Create | Villager (Male) |
| 7:53 | Create | Villager (Male) |
| 7:53 | Create | Villager (Male) |
| 8:12 | Create | Villager (Male) |
| 8:12 | Create | Villager (Male) |
| 8:12 | Create | Villager (Male) |
| 10:10 | Build | Mining Camp |
| 10:24 | Build | Farm |
| 10:25 | Build | Farm |
| 10:26 | Build | Farm |
| 10:27 | Build | Farm |
| 10:29 | Build | Farm |
| 10:42 | Create | Villager (Male) |
| 10:48 | Build | Farm |
| 10:49 | Build | Farm |
| 11:03 | Build | Farm |
| 11:06 | Build | Farm |
| 11:13 | Research | Feudal Age |
| 13:16 | Build | House |
| 13:30 | Age | Feudal Age |
| 13:35 | Build | Market |
| 13:39 | Build | Blacksmith |
| 13:40 | Research | Wheelbarrow |
| 14:03 | Research | Double-Bit Axe |
| 14:08 | Research | Horse Collar |
| 14:58 | Research | Castle Age |
| 15:17 | Research | Stone Mining |
| 15:18 | Research | Gold Mining |
| 17:38 | Age | Castle Age |
| 17:43 | Build | Town Center |
| 17:44 | Research | Hand Cart |
| 17:45 | Create | Villager (Male) |
| 17:45 | Create | Villager (Male) |
| 17:58 | Build | Town Center |
| 18:17 | Create | Villager (Male) |
| 18:41 | Create | Villager (Male) |
| 18:42 | Create | Villager (Male) |
| 18:52 | Research | Bow Saw |
| 18:55 | Create | Villager (Male) |
| 19:07 | Build | Farm |
| 19:46 | Build | Town Center |
| 20:09 | Create | Villager (Male) |
| 20:09 | Create | Villager (Male) |
| 20:10 | Create | Villager (Male) |
| 20:10 | Create | Villager (Male) |
| 20:15 | Build | House |
| 20:18 | Build | House |
| 20:19 | Build | House |
| 20:20 | Build | House |
| 20:21 | Build | House |
| 20:23 | Build | House |
| 20:26 | Build | Farm |
| 20:27 | Build | Farm |
| 20:32 | Create | Villager (Male) |
| 20:34 | Create | Villager (Male) |
| 20:58 | Create | Villager (Male) |
| 21:00 | Create | Villager (Male) |
| 21:01 | Create | Villager (Male) |
| 21:02 | Create | Villager (Male) |
| 21:11 | Research | Loom |
| 21:14 | Create | Villager (Male) |
| 21:14 | Create | Villager (Male) |
| 21:44 | Build | Mining Camp |
| 21:46 | Create | Villager (Male) |
| 21:46 | Create | Villager (Male) |
| 21:53 | Build | Farm |
| 21:55 | Build | Farm |
| 22:04 | Build | Farm |
| 22:05 | Build | Farm |
| 22:05 | Build | Farm |
| 22:05 | Build | Farm |
| 22:05 | Build | Farm |
| 22:06 | Build | Farm |
| 22:06 | Build | Farm |
| 22:06 | Build | Farm |
| 22:15 | Create | Villager (Male) |
| 22:16 | Create | Villager (Male) |
| 22:17 | Create | Villager (Male) |
| 22:20 | Create | Villager (Male) |
| 22:36 | Create | Villager (Male) |
| 22:39 | Create | Villager (Male) |
| 22:41 | Create | Villager (Male) |
| 22:42 | Create | Villager (Male) |
| 23:05 | Build | House |
| 23:10 | Create | Villager (Male) |
| 23:12 | Create | Villager (Male) |
| 23:13 | Create | Villager (Male) |
| 23:25 | Build | Farm |
| 23:25 | Build | Farm |
| 23:26 | Build | Farm |
| 23:29 | Build | Farm |
| 23:32 | Create | Villager (Male) |
| 23:33 | Create | Villager (Male) |
| 23:35 | Create | Villager (Male) |
| 23:43 | Create | Villager (Male) |
| 24:05 | Build | Castle |
| 24:23 | Build | House |
| 24:27 | Create | Villager (Male) |
| 24:27 | Create | Villager (Male) |
Build order — lxatruch
First 150 of 307 actions detected
| 0:04 | Create | Villager (Male) |
| 0:04 | Create | Villager (Male) |
| 0:04 | Create | Villager (Male) |
| 0:05 | Create | Villager (Male) |
| 0:05 | Create | Villager (Male) |
| 0:07 | Build | House |
| 0:10 | Build | House |
| 1:40 | Create | Villager (Male) |
| 2:30 | Create | Villager (Male) |
| 2:30 | Create | Villager (Male) |
| 2:30 | Create | Villager (Male) |
| 2:52 | Create | Villager (Male) |
| 4:31 | Create | Villager (Male) |
| 4:31 | Create | Villager (Male) |
| 4:31 | Create | Villager (Male) |
| 4:32 | Create | Villager (Male) |
| 4:32 | Create | Villager (Male) |
| 4:48 | Create | Villager (Male) |
| 5:16 | Create | Villager (Male) |
| 5:39 | Build | House |
| 5:41 | Build | House |
| 5:43 | Build | House |
| 7:04 | Create | Villager (Male) |
| 7:04 | Create | Villager (Male) |
| 7:04 | Create | Villager (Male) |
| 7:17 | Build | Lumber Camp |
| 7:24 | Create | Villager (Male) |
| 7:24 | Create | Villager (Male) |
| 8:02 | Build | Mill |
| 8:06 | Create | Villager (Male) |
| 8:06 | Create | Villager (Male) |
| 8:55 | Create | Villager (Male) |
| 8:55 | Create | Villager (Male) |
| 9:25 | Build | Mining Camp |
| 10:31 | Build | Mill |
| 10:33 | Research | Feudal Age |
| 12:25 | Build | Mining Camp |
| 13:13 | Build | Market |
| 13:27 | Build | Blacksmith |
| 14:21 | Research | Castle Age |
| 15:57 | Build | Barracks |
| 16:04 | Research | Horse Collar |
| 16:09 | Research | Double-Bit Axe |
| 16:13 | Research | Fletching |
| 17:00 | Create | Spearman |
| 17:01 | Create | Spearman |
| 17:01 | Create | Spearman |
| 17:33 | Create | Villager (Male) |
| 17:34 | Create | Villager (Male) |
| 17:34 | Create | Villager (Male) |
| 18:08 | Build | House |
| 18:12 | Build | House |
| 18:15 | Build | House |
| 18:17 | Build | House |
| 18:21 | Build | House |
| 18:23 | Build | House |
| 18:25 | Build | House |
| 18:27 | Build | House |
| 18:30 | Build | House |
| 18:34 | Create | Villager (Male) |
| 18:35 | Create | Villager (Male) |
| 19:18 | Build | Farm |
| 19:19 | Build | Farm |
| 19:19 | Build | Farm |
| 19:19 | Build | Farm |
| 19:19 | Build | Farm |
| 19:20 | Build | Farm |
| 19:21 | Build | Farm |
| 19:22 | Build | Farm |
| 19:33 | Create | Villager (Male) |
| 20:10 | Create | Villager (Male) |
| 20:11 | Create | Villager (Male) |
| 20:40 | Research | Heavy Plow |
| 21:22 | Build | Town Center |
| 21:26 | Create | Villager (Male) |
| 21:27 | Create | Villager (Male) |
| 21:27 | Create | Villager (Male) |
| 23:18 | Build | Town Center |
| 23:23 | Create | Villager (Male) |
| 23:23 | Create | Villager (Male) |
| 23:24 | Create | Villager (Male) |
| 23:24 | Create | Villager (Male) |
| 23:24 | Create | Villager (Male) |
| 23:24 | Create | Villager (Male) |
| 23:25 | Create | Villager (Male) |
| 23:25 | Create | Villager (Male) |
| 24:15 | Build | Farm |
| 24:15 | Build | Farm |
| 24:15 | Build | Farm |
| 24:16 | Build | Farm |
| 24:17 | Build | Farm |
| 24:49 | Build | Castle |
| 25:03 | Create | Villager (Male) |
| 25:03 | Create | Villager (Male) |
| 25:11 | Create | Spearman ×5 |
| 25:11 | Create | Spearman ×5 |
| 25:30 | Build | Mining Camp |
| 25:47 | Create | Villager (Male) |
| 25:48 | Create | Villager (Male) |
| 25:57 | Build | Farm |
| 25:57 | Build | Farm |
| 25:57 | Build | Farm |
| 25:58 | Build | Farm |
| 26:15 | Create | Villager (Male) |
| 26:15 | Create | Villager (Male) |
| 26:15 | Create | Villager (Male) |
| 26:15 | Create | Villager (Male) |
| 26:15 | Create | Villager (Male) |
| 26:15 | Create | Villager (Male) |
| 26:50 | Create | Villager (Male) |
| 26:50 | Create | Villager (Male) |
| 26:50 | Create | Villager (Male) |
| 26:50 | Create | Villager (Male) |
| 26:50 | Create | Villager (Male) |
| 26:50 | Create | Villager (Male) |
| 26:56 | Build | Farm |
| 26:56 | Build | Farm |
| 26:57 | Build | Farm |
| 26:57 | Build | Farm |
| 26:57 | Build | Farm |
| 26:58 | Build | Farm |
| 26:58 | Build | Farm |
| 26:58 | Build | Farm |
| 27:07 | Create | Unit 1908 |
| 27:07 | Create | Unit 1908 |
| 27:30 | Create | Villager (Male) |
| 27:30 | Create | Villager (Male) |
| 27:30 | Create | Villager (Male) |
| 27:47 | Research | Bow Saw |
| 28:27 | Build | University |
| 28:33 | Create | Villager (Male) |
| 28:35 | Create | Villager (Male) |
| 28:35 | Create | Villager (Male) |
| 28:35 | Create | Villager (Male) |
| 28:35 | Create | Villager (Male) |
| 28:35 | Create | Villager (Male) |
| 28:35 | Create | Villager (Male) |
| 28:36 | Create | Villager (Male) |
| 28:36 | Create | Villager (Male) |
| 28:36 | Create | Villager (Male) |
| 28:44 | Build | House |
| 28:45 | Build | House |
| 28:45 | Build | House |
| 28:45 | Build | House |
| 28:45 | Build | House |
| 28:46 | Build | House |
| 28:46 | Build | House |
| 28:47 | Build | House |
| 28:47 | Build | House |
| 28:47 | Build | House |
Build order — Catastrophyx
First 150 of 395 actions detected
| 0:03 | Create | Villager (Male) ×4 |
| 0:05 | Build | House |
| 0:06 | Build | House |
| 1:46 | Create | Villager (Male) |
| 1:46 | Create | Villager (Male) |
| 2:20 | Build | Lumber Camp |
| 2:25 | Create | Villager (Male) ×2 |
| 2:25 | Create | Villager (Male) ×2 |
| 3:23 | Create | Villager (Male) ×2 |
| 3:24 | Create | Villager (Male) ×2 |
| 3:58 | Build | House |
| 3:59 | Build | House |
| 4:01 | Build | House |
| 4:40 | Create | Villager (Male) ×3 |
| 4:41 | Create | Villager (Male) ×3 |
| 5:16 | Create | Villager (Male) |
| 5:16 | Research | Loom |
| 5:43 | Build | Mill |
| 5:52 | Create | Villager (Male) |
| 6:24 | Create | Villager (Male) |
| 6:29 | Create | Villager (Male) ×3 |
| 7:31 | Create | Villager (Male) ×3 |
| 8:11 | Build | House |
| 8:12 | Build | House |
| 8:33 | Build | Lumber Camp |
| 9:36 | Create | Villager (Male) ×5 |
| 9:46 | Build | Mining Camp |
| 10:54 | Create | Villager (Male) |
| 10:56 | Research | Feudal Age |
| 11:10 | Create | Villager (Male) |
| 11:10 | Create | Villager (Male) |
| 11:11 | Create | Villager (Male) |
| 11:11 | Create | Villager (Male) |
| 12:00 | Build | Mining Camp |
| 12:23 | Research | Feudal Age |
| 12:57 | Build | Pasture |
| 12:58 | Build | Pasture |
| 13:00 | Build | Pasture |
| 13:05 | Build | Pasture |
| 13:19 | Create | Villager (Male) |
| 13:20 | Create | Villager (Male) |
| 13:57 | Build | House |
| 13:58 | Build | House |
| 14:47 | Age | Feudal Age |
| 14:58 | Build | Market |
| 15:01 | Build | Blacksmith |
| 15:21 | Create | Villager (Male) |
| 15:39 | Research | Tech 1014 |
| 15:42 | Research | Double-Bit Axe |
| 15:56 | Create | Villager (Male) |
| 16:21 | Create | Villager (Male) |
| 16:27 | Build | House |
| 16:29 | Build | House |
| 16:30 | Build | House |
| 16:40 | Research | Castle Age |
| 16:40 | Research | Castle Age |
| 17:44 | Create | Villager (Male) ×5 |
| 17:59 | Build | Pasture |
| 18:01 | Build | Pasture |
| 18:54 | Research | Stone Mining |
| 19:26 | Age | Castle Age |
| 19:31 | Build | Town Center |
| 19:54 | Build | Town Center |
| 20:09 | Build | Town Center |
| 20:43 | Create | Villager (Male) ×5 |
| 21:11 | Build | House |
| 21:13 | Build | House |
| 21:14 | Build | House |
| 21:15 | Build | House |
| 21:27 | Create | Villager (Male) ×5 |
| 21:34 | Create | Villager (Male) ×5 |
| 21:53 | Create | Villager (Male) ×4 |
| 22:02 | Build | Pasture |
| 22:21 | Research | Tech 1013 |
| 22:29 | Build | Castle |
| 22:35 | Build | Pasture |
| 22:54 | Build | Pasture |
| 23:14 | Build | Pasture |
| 23:22 | Create | Villager (Male) ×5 |
| 23:36 | Create | Villager (Male) ×2 |
| 23:51 | Build | Pasture |
| 23:55 | Create | Villager (Male) |
| 23:55 | Create | Villager (Male) |
| 23:55 | Create | Villager (Male) |
| 24:07 | Create | Villager (Male) ×2 |
| 24:11 | Build | Pasture |
| 24:35 | Build | Pasture |
| 24:56 | Create | Villager (Male) |
| 24:56 | Create | Villager (Male) |
| 25:00 | Create | Villager (Male) |
| 25:00 | Create | Villager (Male) |
| 25:06 | Build | Pasture |
| 25:28 | Build | Barracks |
| 25:37 | Build | Pasture |
| 25:41 | Build | Pasture |
| 25:46 | Create | Villager (Male) ×5 |
| 25:56 | Build | Lumber Camp |
| 25:58 | Research | Bow Saw |
| 26:04 | Create | Villager (Male) |
| 26:04 | Create | Villager (Male) |
| 26:05 | Create | Villager (Male) |
| 26:05 | Create | Villager (Male) |
| 26:19 | Build | Stable |
| 26:25 | Build | Stable |
| 26:31 | Build | Pasture |
| 26:36 | Build | Pasture |
| 26:41 | Create | Villager (Male) |
| 26:42 | Create | Villager (Male) |
| 26:42 | Create | Villager (Male) |
| 26:42 | Create | Villager (Male) |
| 26:42 | Create | Villager (Male) |
| 26:58 | Create | Villager (Male) ×5 |
| 27:05 | Create | Scout Cavalry |
| 27:12 | Build | Pasture |
| 27:20 | Build | Mining Camp |
| 27:24 | Research | Gold Mining |
| 27:27 | Research | Stone Shaft Mining |
| 27:32 | Build | Pasture |
| 27:44 | Build | Mining Camp |
| 27:52 | Create | Scout Cavalry |
| 27:53 | Research | Husbandry |
| 28:38 | Build | Mining Camp |
| 28:45 | Build | Pasture |
| 28:49 | Create | Villager (Male) |
| 28:53 | Create | Villager (Male) ×5 |
| 28:57 | Create | Villager (Male) |
| 29:02 | Create | Villager (Male) ×5 |
| 29:36 | Research | Imperial Age |
| 29:43 | Research | Wheelbarrow |
| 29:55 | Create | Unit 1920 ×5 |
| 29:55 | Create | Unit 1920 ×5 |
| 30:06 | Build | Castle |
| 30:16 | Build | Mining Camp |
| 30:29 | Research | Squires |
| 30:30 | Research | Arson |
| 30:55 | Build | Mining Camp |
| 31:04 | Create | Villager (Male) |
| 31:04 | Create | Villager (Male) |
| 31:05 | Create | Villager (Male) |
| 31:05 | Create | Villager (Male) |
| 31:12 | Research | Hand Cart |
| 31:24 | Create | Villager (Male) ×5 |
| 31:25 | Create | Villager (Male) |
| 31:25 | Create | Villager (Male) |
| 31:44 | Research | Scale Mail Armor |
| 31:45 | Research | Forging |
| 31:53 | Build | Blacksmith |
| 31:57 | Build | Blacksmith |
| 32:02 | Build | University |
| 32:11 | Build | University |
Build order — xl-MarcosCR-lx
First 150 of 758 actions detected
| 0:01 | Create | Villager (Male) |
| 0:02 | Create | Villager (Male) |
| 0:02 | Create | Villager (Male) |
| 0:02 | Create | Villager (Male) |
| 0:03 | Create | Villager (Male) |
| 0:03 | Create | Villager (Male) |
| 0:05 | Build | House |
| 0:07 | Build | House |
| 1:22 | Create | Villager (Male) |
| 1:22 | Create | Villager (Male) |
| 2:01 | Create | Villager (Male) |
| 2:01 | Create | Villager (Male) |
| 2:11 | Create | Villager (Male) |
| 2:11 | Create | Villager (Male) |
| 2:37 | Build | Lumber Camp |
| 2:46 | Create | Villager (Male) |
| 3:03 | Create | Villager (Male) |
| 3:03 | Create | Villager (Male) |
| 3:08 | Build | House |
| 3:12 | Build | House |
| 3:22 | Create | Villager (Male) |
| 3:27 | Create | Villager (Male) |
| 4:01 | Create | Villager (Male) |
| 4:09 | Create | Villager (Male) |
| 4:39 | Create | Villager (Male) |
| 5:16 | Build | Mill |
| 5:33 | Create | Villager (Male) |
| 5:50 | Create | Villager (Male) |
| 6:36 | Create | Villager (Male) |
| 6:47 | Create | Villager (Male) |
| 6:48 | Build | Farm |
| 6:49 | Build | Farm |
| 6:52 | Create | Villager (Male) |
| 6:52 | Create | Villager (Male) |
| 6:52 | Create | Villager (Male) |
| 7:06 | Build | House |
| 7:08 | Build | House |
| 7:28 | Build | Mill |
| 7:40 | Build | Mining Camp |
| 8:41 | Research | Loom |
| 9:12 | Research | Feudal Age |
| 9:54 | Create | Villager (Male) |
| 9:54 | Create | Villager (Male) |
| 9:55 | Create | Villager (Male) |
| 10:05 | Create | Villager (Male) |
| 10:05 | Create | Villager (Male) |
| 10:07 | Create | Villager (Male) |
| 10:45 | Create | Villager (Male) |
| 10:47 | Create | Villager (Male) |
| 11:56 | Build | Market |
| 11:59 | Build | Blacksmith |
| 12:19 | Build | House |
| 12:22 | Build | House |
| 12:24 | Build | House |
| 12:25 | Build | House |
| 12:57 | Build | Mining Camp |
| 13:06 | Build | Farm |
| 13:07 | Build | Farm |
| 13:08 | Build | Farm |
| 13:09 | Build | Farm |
| 13:10 | Build | Farm |
| 13:11 | Build | Farm |
| 13:22 | Create | Villager (Male) |
| 13:25 | Build | Farm |
| 13:55 | Research | Castle Age |
| 14:12 | Build | Farm |
| 14:13 | Build | Farm |
| 14:57 | Create | Villager (Male) |
| 14:57 | Create | Villager (Male) |
| 14:57 | Create | Villager (Male) |
| 14:58 | Create | Villager (Male) |
| 15:10 | Build | House |
| 15:11 | Build | House |
| 15:15 | Create | Villager (Male) |
| 15:54 | Build | House |
| 15:56 | Create | Villager (Male) |
| 15:56 | Create | Villager (Male) |
| 15:56 | Create | Villager (Male) |
| 15:56 | Create | Villager (Male) |
| 16:04 | Create | Villager (Male) |
| 16:27 | Create | Villager (Male) |
| 16:55 | Build | Castle |
| 16:59 | Build | Mining Camp |
| 17:56 | Build | Town Center |
| 18:19 | Build | Farm |
| 18:20 | Build | Farm |
| 18:21 | Build | Farm |
| 18:22 | Build | Farm |
| 18:48 | Create | Villager (Male) |
| 18:49 | Create | Villager (Male) |
| 18:49 | Create | Villager (Male) |
| 18:49 | Create | Villager (Male) |
| 18:50 | Create | Villager (Male) |
| 19:16 | Build | Farm |
| 19:16 | Build | Farm |
| 19:18 | Build | Farm |
| 19:19 | Build | Farm |
| 19:22 | Create | Villager (Male) |
| 19:24 | Create | Villager (Male) |
| 19:46 | Research | Double-Bit Axe |
| 19:49 | Research | Horse Collar |
| 20:12 | Research | Bow Saw |
| 20:14 | Research | Heavy Plow |
| 20:29 | Build | Town Center |
| 20:37 | Create | Villager (Male) |
| 20:38 | Create | Villager (Male) |
| 20:38 | Create | Villager (Male) |
| 20:40 | Create | Villager (Male) |
| 20:40 | Create | Villager (Male) |
| 20:40 | Create | Villager (Male) |
| 20:41 | Create | Villager (Male) |
| 20:41 | Create | Villager (Male) |
| 20:54 | Build | Farm |
| 20:54 | Build | Farm |
| 21:06 | Build | Farm |
| 21:32 | Create | Villager (Male) |
| 21:33 | Create | Villager (Male) |
| 21:33 | Create | Villager (Male) |
| 21:33 | Create | Villager (Male) |
| 21:33 | Create | Villager (Male) |
| 21:43 | Build | Farm |
| 21:44 | Build | Farm |
| 21:44 | Build | Farm |
| 21:45 | Build | Farm |
| 21:45 | Build | Farm |
| 21:48 | Create | Villager (Male) |
| 21:49 | Create | Villager (Male) |
| 22:03 | Create | Villager (Male) |
| 22:04 | Create | Villager (Male) |
| 22:15 | Create | Villager (Male) |
| 22:21 | Research | Gold Mining |
| 22:40 | Create | Villager (Male) |
| 22:41 | Create | Villager (Male) |
| 22:41 | Create | Villager (Male) |
| 23:01 | Create | Villager (Male) |
| 23:03 | Create | Villager (Male) |
| 23:10 | Build | Farm |
| 23:10 | Build | Farm |
| 23:18 | Create | Villager (Male) |
| 23:22 | Research | Wheelbarrow |
| 23:35 | Build | Barracks |
| 23:38 | Create | Villager (Male) |
| 23:39 | Create | Villager (Male) |
| 23:40 | Create | Villager (Male) |
| 23:40 | Create | Villager (Male) |
| 23:45 | Create | Villager (Male) |
| 23:52 | Create | Villager (Male) |
| 23:58 | Build | Mill |
| 24:03 | Create | Villager (Male) |
| 24:12 | Build | Farm |
Match timeline
| 9:22 | yougetcs · age_up feudal |
| 11:48 | Dolar Solidario [33] · age_up feudal |
| 13:22 | yougetcs · age_up castle |
| 13:30 | Minos · age_up feudal |
| 14:13 | lxatruch · first_market_buy 100 food |
| 14:38 | Poncho-CR · wall_segment Stone Wall x1 |
| 14:47 | Catastrophyx · age_up feudal |
| 15:23 | Dolar Solidario [33] · age_up castle |
| 15:57 | lxatruch · first_building Barracks |
| 16:55 | xl-MarcosCR-lx · first_building Castle |
| 17:15 | andy-maCR · first_building Castle |
| 17:30 | lxatruch · first_market_sell 100 wood |
| 17:38 | Minos · age_up castle |
| 17:58 | yougetcs · first_building Castle |
| 18:19 | Dolar Solidario [33] · first_building Barracks |
| 19:26 | Catastrophyx · age_up castle |
| 19:33 | Dolar Solidario [33] · first_building Stable |
| 20:06 | andy-maCR · first_building Monastery |
| 21:23 | Poncho-CR · first_building Barracks |
| 22:17 | Poncho-CR · first_building Castle |
| 22:29 | Catastrophyx · first_building Castle |
| 22:54 | Poncho-CR · first_building Siege Workshop |
| 23:35 | xl-MarcosCR-lx · first_building Barracks |
| 23:56 | andy-maCR · first_building Barracks |
| 24:03 | andy-maCR · first_building Siege Workshop |
| 24:05 | Minos · first_building Castle |
| 24:49 | lxatruch · first_building Castle |
| 24:56 | xl-MarcosCR-lx · first_building Archery Range |
| 25:01 | Poncho-CR · first_building Stable |
| 25:24 | Poncho-CR · first_building Archery Range |
| 25:28 | Catastrophyx · first_building Barracks |
| 26:01 | andy-maCR · first_building Archery Range |
| 26:19 | Catastrophyx · first_building Stable |
| 26:29 | Minos · first_building Siege Workshop |
| 27:00 | yougetcs · first_building Barracks |
| 27:26 | Minos · first_building Barracks |
| 28:31 | yougetcs · first_building Monastery |
| 28:34 | xl-MarcosCR-lx · first_building Stable |
| 28:46 | yougetcs · first_market_sell 100 food |
| 29:32 | xl-MarcosCR-lx · first_building Monastery |
| 29:44 | Dolar Solidario [33] · first_market_sell 100 wood |
| 30:29 | yougetcs · first_building Archery Range |
| 30:35 | Minos · first_building Monastery |
| 30:40 | yougetcs · wall_segment Stone Wall x8 |
| 30:41 | lxatruch · first_building Archery Range |
| 31:21 | yougetcs · wall_segment Stone Wall x6 |
| 31:43 | Minos · age_up imperial |
| 32:12 | Dolar Solidario [33] · first_building Castle |
| 32:37 | yougetcs · age_up imperial |
| 32:38 | Dolar Solidario [33] · first_building Monastery |
| 32:46 | Catastrophyx · age_up imperial |
| 33:30 | xl-MarcosCR-lx · first_building Siege Workshop |
| 33:52 | Catastrophyx · first_building Archery Range |
| 34:09 | lxatruch · first_building Siege Workshop |
| 34:25 | Dolar Solidario [33] · first_building Archery Range |
| 35:31 | yougetcs · first_market_buy 100 stone |
| 36:17 | lxatruch · first_building Stable |
| 38:05 | Dolar Solidario [33] · age_up imperial |
| 38:22 | Poncho-CR · wall_segment Stone Wall x10 |
| 39:48 | yougetcs · wall_segment Stone Wall x3 |
| 41:54 | Dolar Solidario [33] · wall_segment Stone Wall x1 |
| 41:57 | Catastrophyx · first_building Siege Workshop |
| 42:44 | Catastrophyx · tribute_sent a jugador 1 |
| 42:44 | Catastrophyx · tribute_sent a jugador 2 |
| 42:44 | Catastrophyx · tribute_sent a jugador 3 |
| 42:44 | Catastrophyx · tribute_sent a jugador 4 |
| 42:44 | Catastrophyx · tribute_sent a jugador 5 |
| 42:44 | Catastrophyx · tribute_sent a jugador 6 |
| 42:44 | Catastrophyx · tribute_sent a jugador 8 |
| 42:55 | xl-MarcosCR-lx · first_market_buy 500 food |
| 42:55 | xl-MarcosCR-lx · first_market_sell 500 wood |
| 43:55 | Dolar Solidario [33] · wall_segment Stone Wall x3 |
| 46:00 | andy-maCR · wall_segment Stone Wall x23 |
| 46:48 | andy-maCR · first_market_sell 500 wood |
| 47:28 | andy-maCR · wall_segment Stone Wall x17 |
| 50:06 | yougetcs · wall_segment Stone Wall x6 |
| 51:07 | Poncho-CR · wall_segment Stone Wall x10 |
| 52:00 | yougetcs · first_building Siege Workshop |
| 52:35 | Catastrophyx · first_market_sell 500 wood |
| 52:36 | Catastrophyx · first_market_buy 500 food |
| 54:37 | Poncho-CR · first_building Monastery |
| 54:55 | xl-MarcosCR-lx · resign |
[ AI ANALYSIS · 1 CREDIT ]
What really happened in this match?
Wolo.gg analyzes every decision: build order, eco, micro, common mistakes by bracket. Personalized analysis on WhatsApp or Discord in 30 seconds.
Civ guide
Mongols
Map guide
Arena
Perfil
yougetcs